 Dungeon Sprint DCSS version 0.29-a0-119-g4040846114 (webtiles) character file.

Game seed: 2053846716335937416

411 mhtbhm the Fighter (level 6, -24/62 HPs)
             Began as a Draconian Fighter on Feb 19, 2022.
             Was an Initiate of Gozag.
             Hit by a silver javelin thrown by a minotaur (27 damage)
             ... in the Dungeon (Sprint VII: "The Pits").
             The game lasted 00:01:57 (1265 turns).

mhtbhm the Fighter (Draconian Fighter)              Turns: 1265, Time: 00:01:58

Health: -24/62     AC:  7    Str: 20    XL:     6   Next: 58%
Magic:  6/6        EV: 13    Int:  9    God:    Gozag
Gold:   990        SH:  5    Dex: 10    Spells: 5/5 levels left

rFire   . . .      SeeInvis .   a - +0 hand axe (vorpal)
rCold   . . .      Faith    .   b - +0 buckler
rNeg    . . .      Spirit   .   (armour unavailable)
rPois   .          Reflect  .   (helmet restricted)
rElec   .          Harm     .   n - +0 cloak
rCorr   .          Rampage  .   (no gloves)
Will    .....      NoTele   +   (no boots)
Stlth   ++........              (no amulet)
HPRegen 0.20/turn               (no ring)
MPRegen 0.10/turn               (no ring)

@: on berserk cooldown, slowed, very slow
A: AC +6, unfitting armour, cold-blooded
a: Renounce Religion, Potion Petition, Call Merchant, Bribe Branch


You were in the Dungeon.
You worshipped Gozag.
Gozag was pleased with you.
You visited 1 branch You collected 990 gold pieces.

Inventory:

Hand Weapons
 a - a +0 vorpal hand axe (weapon)
Armour
 b - a +0 buckler (worn)
 n - a +0 cloak (worn)
Wands
 m - a wand of polymorph (5)
Scrolls
 i - a scroll of blinking
 k - 5 scrolls of amnesia
 l - a scroll of summoning
Potions
 c - a potion of might
 d - 5 potions of curing
 e - 4 potions of heal wounds
 f - a potion of haste
 g - 4 potions of magic
 h - a potion of berserk rage
 j - 2 potions of invisibility


   Skills:
 + Level 8.6 Fighting
 + Level 7.1 Axes
 + Level 7.1 Dodging
 + Level 2.0 Stealth
 + Level 7.5 Shields


You had 5 spell levels left.
You didn't know any spells.
Your spell library was empty.

Dungeon Overview and Level Annotations

Branches:
Dungeon (1/1)

Altars:
Ashenzari
Cheibriados
Dithmenos
Elyvilon
Fedhas
Gozag
Hepliaklqana
Kikubaaqudgha
Makhleb
Nemelex Xobeh
Okawaru
Qazlal
Ru
Sif Muna
Trog
Uskayaw
Vehumet
Wu Jian
Xom
Yredelemnul
Zin
The Shining One
Beogh
Jiyva
Lugonu


Innate Abilities, Weirdness & Mutations

Your plain brown scales are hard. (AC +6)
You cannot fit into any form of body armour.
You are cold-blooded and may be slowed by cold attacks.


Message History

A red film seems to cover your vision as you go berserk!
You feel yourself moving faster!
You feel mighty! You block the minotaur's attack. The minotaur gores you!
You hit the minotaur but do no damage. You barely miss the minotaur.
You block the minotaur's attack. The minotaur gores you!
You hit the minotaur.
The minotaur is lightly wounded.
The minotaur hits you! The minotaur closely misses you.
You hit the minotaur but do no damage.
The minotaur is lightly wounded.
You hit the minotaur.
The minotaur is lightly wounded.
The minotaur hits you but does no damage.
The minotaur barely misses you.
You hit the minotaur but do no damage.
The minotaur is lightly wounded.
The minotaur hits you! The minotaur gores you!
You hit the minotaur but do no damage.
You tail-slap the minotaur, but do no damage.
The minotaur is lightly wounded.
You hit the minotaur.
The minotaur is moderately wounded.
The minotaur hits you!
* * * LOW HITPOINT WARNING * * *
The minotaur gores you.
* * * LOW HITPOINT WARNING * * *
You hit the minotaur.
The minotaur is moderately wounded.
You block the minotaur's attack. The minotaur gores you!
* * * LOW HITPOINT WARNING * * *
Unknown command.
There is an open door here.
You feel a strong urge to attack something.
You are no longer berserk.
You are exhausted.
You feel yourself slow down.
The minotaur throws a silver javelin.
The silver javelin pierces through you!!
You die...
Your body crumbles into a pile of gold.

#.#..#[))).##.......#
#'###########.......#
#.......# #########
#..#.#..# #.##.##.#
#..)....#+#
#.##.##.#.+
#..#.#..#'#
#....)@.H.#
###########


You could see a minotaur.

Vanquished Creatures
  A warg (D)
  A floating eye (D)
  3 wights (D)
  Crazy Yiuf (D)
  A mummy (D)
  An adder (D)
  A river rat (D)
  An ufetubus (D)
  An orc (D)
  A kobold (D)
  A quokka (D)
  A ball python skeleton (D)
  A bat (D)
  A frilled lizard (D)
  2 rats (D)
18 creatures vanquished.

Notes
Turn   | Place    | Note
-------+----------+-------------------------------------------
     0 | D        | mhtbhm the Draconian Fighter began the quest for the Orb.
     0 | D        | Reached XP level 1. HP: 19/19 MP: 1/1
    18 | D        | Found a bloodstained altar of Trog.
    18 | D        | Found a shimmering blue altar of Sif Muna.
    18 | D        | Found a viscous altar of Jiyva.
    18 | D        | Found a hazy altar of Hepliaklqana.
    18 | D        | Found an opulent altar of Gozag.
    19 | D        | Found a glowing golden altar of the Shining One.
    19 | D        | Found a glowing silver altar of Zin.
    19 | D        | Found a basalt altar of Yredelemnul.
    19 | D        | Found a shimmering altar of Xom.
    19 | D        | Found an ornate altar of the Wu Jian Council.
    19 | D        | Found a sacrificial altar of Ru.
    19 | D        | Found a stormy altar of Qazlal.
    19 | D        | Found an iron altar of Okawaru.
    19 | D        | Found a sparkling altar of Nemelex Xobeh.
    19 | D        | Found a burning altar of Makhleb.
    19 | D        | Found a blossoming altar of Fedhas.
    19 | D        | Found a white marble altar of Elyvilon.
    19 | D        | Found a shadowy altar of Dithmenos.
    19 | D        | Found a snail-covered altar of Cheibriados.
    21 | D        | Found a radiant altar of Vehumet.
    21 | D        | Found a corrupted altar of Lugonu.
    22 | D        | Found a hide-covered altar of Uskayaw.
    22 | D        | Found an ancient bone altar of Kikubaaqudgha.
    22 | D        | Found a broken altar of Ashenzari.
    28 | D        | Became a worshipper of Gozag Ym Sagoz the Greedy
    75 | D        | Reached skill level 4 in Fighting
   262 | D        | Reached XP level 2. HP: 27/27 MP: 2/2
   486 | D        | Reached XP level 3. HP: 25/35 MP: 3/3
   626 | D        | Noticed a warg
   642 | D        | Reached skill level 5 in Fighting
   725 | D        | Killed a warg
   726 | D        | Reached skill level 6 in Fighting
   726 | D        | Reached skill level 5 in Dodging
   726 | D        | Reached skill level 1 in Stealth
   726 | D        | Reached skill level 5 in Shields
   726 | D        | Reached XP level 4. HP: 45/45 MP: 4/4
   726 | D        | Reached XP level 5. HP: 51/51 MP: 5/5
   728 | D        | Reached skill level 7 in Fighting
   728 | D        | Reached skill level 5 in Axes
   783 | D        | Noticed Crazy Yiuf
   792 | D        | Killed Crazy Yiuf
   793 | D        | Reached XP level 6. HP: 27/61 MP: 6/6
   992 | D        | Reached skill level 8 in Fighting
  1246 | D        | Noticed a floating eye
  1248 | D        | Killed a floating eye
  1252 | D        | Noticed a minotaur
  1262 | D        | HP: 4/93 [minotaur (16)]
  1265 | D        | Hit by a silver javelin thrown by a minotaur

Illustrated notes

Levels and vault maps discovered:
D:        pitsprint [storerooms_1, entrance_room_1, metal_vault_6, armoury_3,
          mini_pit_1, grid_room_1, main_hall_1, silver_pit, the_coven_2,
          the_vestibule_1, steel_vault_4, golden_pit, hallway_of_sentries,
          crystal_vault_6, iron_vault_4, final_vault]

Skill      XL: |  1  2  3  4  5  6 |
---------------+-------------------+-----
Dodging        | 3 4 5 6 7 |  7.1
Fighting       | 4 6 7 8 |  8.6
Shields        | 4 5 6 7 |  7.5
Axes           | 4 6 7 |  7.1
Stealth        | 1 2 |  2.0

Action                   |  1- 3 |  4- 6 || total
-------------------------+-------+-------++-------
Melee: Hand axe          |    44 |    46 ||    90
       Tailslap          |     3 |     4 ||     7
       War axe           |     1 |       ||     1
  Use: Potion            |     3 |     2 ||     5
Armor: Skin              |     7 |     2 ||     9
Dodge: Dodged            |    24 |    12 ||    36
Block: Buckler           |     8 |    13 ||    21

Table legend: (Time is in decaauts)
 A = Elapsed time spent in this place.
 B = Non-inter-level travel time spent in this place.
 C = Inter-level travel time spent in this place.
 D = Time resting spent in this place.
 E = Time spent auto-exploring this place.
 F = Levels seen in this place.
 G = Mean time per level.
                   A        B        C        D        E       F      G
               +--------+--------+--------+--------+--------+-----+--------+
         Total |   1282 |   1282 |      0 |    911 |     31 |   1 | 1282.0 |
       Dungeon |   1282 |   1282 |      0 |    911 |     31 |   1 | 1282.0 |
               +--------+--------+--------+--------+--------+-----+--------+

Top non-repeatable levels by time:
       D: 1282 daAuts
